Senators vs Little Stars
Created - February 24, 2023 at 20:18
Goals
|
| Senators |
2 |
1 |
2 |
5 |
| Little Stars |
1 |
2 |
1 |
4 |
|
Shots
|
| Senators |
17 |
11 |
5 |
33 |
| Little Stars |
13 |
6 |
5 |
24 |
|
1st period
1. Senators , Zachary Sanford 39 (C.J Suess 12, Nikita Nesterov 9) at 3:19
2. Senators , Christoph Bertschy 24 (Zachary Sanford 35, Tyler Pitlick 36) at 11:06
3. Little Stars , Henrik Borgstrom 20 (Alex Belzile 13) at 18:47
Penalties :
No Penalty
2nd period
4. Little Stars , Ilya Mikheyev 20 (Daniel O'regan 49) at 1:49 (PP)
5. Little Stars , Jason Dickinson 12 (Joakim Nygard 17) at 16:38
6. Senators , Brendan Perlini 18 (Grant Besse 14, Jonas Siegenthaler 8) at 17:38
Penalties :
C.J Suess (Bel) for Interference (Minor) at 1:44, Henrik Borgstrom (Tex) for Boarding (Minor) at 2:33, Joakim Nygard (Tex) for Hooking (Minor) at 19:23
3rd period
7. Senators , Dmitry Sinitsyn 5 (Jordan Schmaltz 26) at 0:30 (PP)
8. Little Stars , Jordan LaVallee 20 (Daniel O'regan 50) at 0:47
9. Senators , Brendan Perlini 19 (Grant Besse 15, Kevin Rooney 19) at 6:19
Penalties :
Nikita Nesterov (Bel) for Holding (Minor) at 15:29, Ilya Mikheyev (Tex) for Hooking (Minor) at 19:34
Goalie Stats
Garret Sparks (Bel), 20 saves from 24 shots - (0.833), W, 15-13-5, 60:00 minutes
Michael Houser (Tex), 28 saves from 33 shots - (0.848), L, 9-10-6, 60:00 minutes
Players Stats for Senators
Player Name G A P +/- PIM S H SB GA TA FO MP PP MP PK MP
------------------------------------------------------------------------------------
Brendan Perlini 2 0 2 2 0 5 2 0 0 0 2/2 12:34 0:00 0:32
C.J Suess 0 1 1 0 2 0 0 0 0 0 0/0 8:08 0:00 0:00
Christoph Bertschy 1 0 1 -1 0 1 0 1 0 0 13/28 21:29 2:02 1:18
Dmitry Sinitsyn 1 0 1 -3 0 3 1 2 1 2 0/0 27:16 2:15 1:14
Grant Besse 0 2 2 2 0 2 0 0 1 0 1/1 11:41 0:00 0:00
Gustav Forsling 0 0 0 0 0 1 2 0 0 0 0/0 4:57 0:00 0:00
Jacob De La Rose 0 0 0 0 0 3 1 0 1 1 7/15 18:04 1:29 0:45
Johan Larsson 0 0 0 0 0 0 0 0 0 0 0/0 0:00 0:00 0:00
Jonas Siegenthaler 0 1 1 3 0 1 1 0 0 0 0/0 13:33 0:00 0:18
Jordan Schmaltz 0 1 1 -3 0 0 1 4 0 2 0/0 22:45 2:15 1:14
Keegan Lowe 0 0 0 1 0 1 2 2 1 0 0/0 19:16 1:16 0:50
Kevin Rooney 0 1 1 2 0 0 1 0 0 0 2/3 12:18 0:00 0:01
Mason Geertsen 0 0 0 3 0 0 1 1 0 0 0/0 14:20 0:00 0:32
Michael McCarron 0 0 0 0 0 0 2 0 0 0 1/1 8:09 0:00 0:00
Nikita Nesterov 0 1 1 1 2 0 0 1 0 0 0/0 18:13 1:16 0:00
Oliver Bjorkstrand 0 0 0 0 0 6 2 0 0 0 1/1 16:55 1:29 0:00
Tyler Pitlick 0 1 1 -1 0 2 2 0 2 0 0/1 20:50 2:02 0:00
Vitaly Abramov 0 0 0 0 0 0 0 0 0 0 0/0 8:09 0:00 0:00
Zachary Sanford 1 1 2 -1 0 4 4 0 0 1 2/3 22:08 2:02 1:18
Zemgus Girgensons 0 0 0 0 0 4 2 0 0 0 0/1 17:09 1:29 0:14
Players Stats for Little Stars
Player Name G A P +/- PIM S H SB GA TA FO MP PP MP PK MP
------------------------------------------------------------------------------------
Adam Tambellini 0 0 0 -1 0 0 1 0 1 0 0/0 17:03 0:48 0:50
Alex Belzile 0 1 1 -1 0 0 5 1 0 0 0/0 15:50 0:48 0:00
Connor Mackey 0 0 0 0 0 0 0 0 0 0 0/0 13:33 0:00 0:00
Daniel O'regan 0 2 2 0 0 5 3 1 0 1 16/27 21:27 1:16 0:41
Emile Poirier 0 0 0 0 0 4 0 0 0 0 0/0 10:00 0:00 1:00
Eric Knodel 0 0 0 -2 0 0 4 1 1 1 0/0 26:41 1:09 2:05
Henrik Borgstrom 1 0 1 -1 2 2 0 2 1 1 3/12 16:01 0:48 0:00
Ilya Mikheyev 1 0 1 0 2 3 1 0 1 1 1/1 22:49 1:16 2:04
Jason Dickinson 1 0 1 0 0 1 0 0 0 0 5/7 11:30 0:00 0:00
Joakim Nygard 0 1 1 0 2 0 0 0 1 0 0/0 11:29 0:00 0:00
Jordan LaVallee 1 0 1 0 0 4 1 1 1 0 2/7 23:01 1:16 2:27
Justin Auger 0 0 0 0 0 1 1 0 0 0 0/0 8:23 0:00 0:00
Matt Luff 0 0 0 0 0 1 2 1 0 0 0/0 11:16 0:00 0:00
Reece Willcox 0 0 0 1 0 0 1 1 0 0 0/0 19:23 0:55 1:26
Roman Horak 0 0 0 0 0 0 1 0 0 0 0/2 8:23 0:00 0:00
Tucker Poolman 0 0 0 1 0 1 1 1 0 1 0/0 19:23 0:55 1:26
Ville Pokka 0 0 0 0 0 1 1 0 0 1 0/0 13:33 0:00 0:00
Wiley Sherman 0 0 0 -2 0 1 0 1 0 0 0/0 26:41 1:09 2:05
3 Stars
1 - Brendan Perlini (Bel)
2 - Zachary Sanford (Bel)
3 - Grant Besse (Bel)
Power Play
Senators - 1 on 3 Attempt(s) - 33.33%
Little Stars - 1 on 2 Attempt(s) - 50.00%
Penalty Kill
Senators - 1 on 2 Attempt(s) - 50.00%
- Score 0 goal in Penalty Kill
Little Stars - 2 on 3 Attempt(s) - 66.67%
- Score 0 goal in Penalty Kill
Team Stat
Senators - Hits : 24 - Faceoff Wins : 29 - Blocked Shots : 11 - Penalty Minutes : 4
Little Stars - Hits : 22 - Faceoff Wins : 27 - Blocked Shots : 10 - Penalty Minutes : 6
Official
Referees : Wes McCauley and Marc Joannette
Linesman : Kiel Murchison and Steve Barton
Game Notes
No Game Note
Finance
Level 1 -- Attendance: 1988 (99.40%) -- Ticket Income $69,580
Level 2 -- Attendance: 888 (88.80%) -- Ticket Income $13,320
Total Attendance: 2876 (95.87%)
Total Ticket Income: $82,900
Other Income: $4,145
Total Income: $87,045
Senators
5 vs 5 Forward
Center Left Wing Right Wing Time % Phy DF OF
1 Christoph Bertschy Zachary Sanford Tyler Pitlick 40 1 2 2
2 Jacob De La Rose Zemgus Girgensons Oliver Bjorkstrand 30 1 2 2
3 Kevin Rooney Brendan Perlini Grant Besse 20 1 2 2
4 Michael McCarron C.J Suess Vitaly Abramov 10 1 2 2
5 vs 5 Defense
Defense Defense Time % Phy DF OF
1 Dmitry Sinitsyn Jordan Schmaltz 40 1 2 2
2 Keegan Lowe Nikita Nesterov 30 1 2 2
3 Mason Geertsen Jonas Siegenthaler 20 1 2 2
4 Gustav Forsling Dmitry Sinitsyn 10 1 2 2
PowerPlay Forward
Center Left Wing Right Wing Time % Phy DF OF
1 Christoph Bertschy Zachary Sanford Tyler Pitlick 60 1 1 3
2 Jacob De La Rose Zemgus Girgensons Oliver Bjorkstrand 40 1 1 3
PowerPlay Defense
Defense Defense Time % Phy DF OF
1 Dmitry Sinitsyn Jordan Schmaltz 60 1 1 3
2 Keegan Lowe Nikita Nesterov 40 1 1 3
Penalty Kill 4 Players Forward
Center Wing Time % Phy DF OF
1 Christoph Bertschy Zachary Sanford 60 1 2 2
2 Jacob De La Rose Zemgus Girgensons 40 1 2 2
Penalty Kill 4 Players Defense
Defense Defense Time % Phy DF OF
1 Dmitry Sinitsyn Jordan Schmaltz 60 1 2 2
2 Keegan Lowe Nikita Nesterov 40 1 2 2
Penalty Kill - 3 Players Forward
Forward Time % Phy DF OF
1 Christoph Bertschy 60 1 2 2
2 Jacob De La Rose 40 1 2 2
Penalty Kill - 3 Players Defense
Defense Defense Time % Phy DF OF
1 Dmitry Sinitsyn Jordan Schmaltz 60 1 2 2
2 Keegan Lowe Nikita Nesterov 40 1 2 2
4 vs 4 Forward
Center Wing Time % Phy DF OF
1 Christoph Bertschy Zachary Sanford 60 1 2 2
2 Jacob De La Rose Zemgus Girgensons 40 1 2 2
4 vs 4 Defense
Defense Defense Time % Phy DF OF
1 Dmitry Sinitsyn Jordan Schmaltz 60 1 2 2
2 Keegan Lowe Nikita Nesterov 40 1 2 2
Last Minutes Offensive
Center Left Wing Right Wing Defense Defense
Christoph Bertschy Zachary Sanford Tyler Pitlick Dmitry Sinitsyn Jordan Schmaltz
Last Minutes Defensive
Center Left Wing Right Wing Defense Defense
Christoph Bertschy Zachary Sanford Tyler Pitlick Dmitry Sinitsyn Jordan Schmaltz
Goaltenders
Starting : Garret Sparks
Backup : David Rittich
Extra Forwards
Normal : Christoph Bertschy, Jacob De La Rose, Brendan Perlini - PP : Christoph Bertschy, Jacob De La Rose - PK : Christoph Bertschy
Extra Defensemen
Normal : Mason Geertsen, Jonas Siegenthaler, Gustav Forsling - PP : Mason Geertsen - PK : Mason Geertsen, Jonas Siegenthaler
Penalty Shots
Tyler Pitlick, Zachary Sanford, Zemgus Girgensons, Oliver Bjorkstrand, Christoph Bertschy
Scratches
David Kase (Healthy), Joonas Lyytinen (Left Knee Injury), Arttu Ruotsalainen (Healthy), Cliff Pu (Healthy), Michael Pezzetta (Healthy)
Bryce Kindopp (Healthy), Olle Eriksson Ek (Healthy), Scott Wedgewood (Healthy)
Little Stars
5 vs 5 Forward
Center Left Wing Right Wing Time % Phy DF OF
1 Daniel O'regan Jordan LaVallee Ilya Mikheyev 40 1 2 2
2 Henrik Borgstrom Adam Tambellini Alex Belzile 30 1 2 2
3 Jason Dickinson Joakim Nygard Matt Luff 20 1 2 2
4 Roman Horak Emile Poirier Justin Auger 10 1 2 2
5 vs 5 Defense
Defense Defense Time % Phy DF OF
1 Wiley Sherman Eric Knodel 40 1 2 2
2 Reece Willcox Tucker Poolman 30 1 2 2
3 Ville Pokka Connor Mackey 20 1 2 2
4 Wiley Sherman Eric Knodel 10 1 2 2
PowerPlay Forward
Center Left Wing Right Wing Time % Phy DF OF
1 Daniel O'regan Jordan LaVallee Ilya Mikheyev 60 1 2 2
2 Henrik Borgstrom Adam Tambellini Alex Belzile 40 1 2 2
PowerPlay Defense
Defense Defense Time % Phy DF OF
1 Wiley Sherman Eric Knodel 60 1 2 2
2 Reece Willcox Tucker Poolman 40 1 2 2
Penalty Kill 4 Players Forward
Center Wing Time % Phy DF OF
1 Jordan LaVallee Ilya Mikheyev 60 1 2 2
2 Adam Tambellini Daniel O'regan 40 1 2 2
Penalty Kill 4 Players Defense
Defense Defense Time % Phy DF OF
1 Wiley Sherman Eric Knodel 60 1 2 2
2 Reece Willcox Tucker Poolman 40 1 2 2
Penalty Kill - 3 Players Forward
Forward Time % Phy DF OF
1 Jordan LaVallee 60 1 2 2
2 Ilya Mikheyev 40 1 2 2
Penalty Kill - 3 Players Defense
Defense Defense Time % Phy DF OF
1 Wiley Sherman Eric Knodel 60 1 2 2
2 Reece Willcox Tucker Poolman 40 1 2 2
4 vs 4 Forward
Center Wing Time % Phy DF OF
1 Jordan LaVallee Ilya Mikheyev 60 1 2 2
2 Adam Tambellini Daniel O'regan 40 1 2 2
4 vs 4 Defense
Defense Defense Time % Phy DF OF
1 Wiley Sherman Eric Knodel 60 1 2 2
2 Reece Willcox Tucker Poolman 40 1 2 2
Last Minutes Offensive
Center Left Wing Right Wing Defense Defense
Daniel O'regan Jordan LaVallee Ilya Mikheyev Wiley Sherman Eric Knodel
Last Minutes Defensive
Center Left Wing Right Wing Defense Defense
Daniel O'regan Jordan LaVallee Ilya Mikheyev Wiley Sherman Eric Knodel
Goaltenders
Starting : Michael Houser
Backup : Connor Knapp
Extra Forwards
Normal : Joakim Nygard, Jason Dickinson, Emile Poirier - PP : Joakim Nygard, Jason Dickinson - PK : Emile Poirier
Extra Defensemen
Normal : Ville Pokka, Connor Mackey, Reece Willcox - PP : Ville Pokka - PK : Connor Mackey, Reece Willcox
Penalty Shots
Jordan LaVallee, Ilya Mikheyev, Adam Tambellini, Daniel O'regan, Henrik Borgstrom
Scratches
Filip Chytil (Healthy), Jean-Christophe Beaudin (Healthy), Lawrence Pilut (Healthy), Michael Mersch (Healthy), Radel Fazleev (Healthy)
Rudolfs Balcers (Healthy), Shane Gersich (Healthy), Yakov Trenin (Healthy), Joey Anderson (Healthy), Jonathan Dahlen (Healthy)
Givani Smith (Healthy), Danil Tarasov (Healthy)
% Time on Ice - Senators
Lines # - Real PCT - Wanted PCT - Time Play
Normal Forward
1 - 34% - 40% - 18:22
2 - 29% - 30% - 15:26
3 - 22% - 20% - 11:41
4 - 15% - 10% - 8:09
Normal Defense
1 - 34% - 40% - 18:29
2 - 32% - 30% - 17:10
3 - 25% - 20% - 13:15
4 - 9% - 10% - 4:44
PP Forward
1 - 58% - 60% - 2:02
2 - 42% - 40% - 1:29
PP Defense
1 - 64% - 60% - 2:15
2 - 36% - 40% - 1:16
PK Forward
1 - 89% - 60% - 1:50
2 - 11% - 40% - 0:14
PK Defense
1 - 60% - 60% - 1:14
2 - 40% - 40% - 0:50
PK3 Forward
1 - 0% - 60%
2 - 0% - 40%
PK3 Defense
1 - 0% - 60%
2 - 0% - 40%
44 Forward
1 - 0% - 60%
2 - 0% - 40%
44 Defense
1 - 0% - 60%
2 - 0% - 40%
Last Minute Offensive - 0:00
Last Minute Defensive - 0:47
Total
Forward - 60:00
Defense - 60:00
|
% Time on Ice - Little Stars
Lines # - Real PCT - Wanted PCT - Time Play
Normal Forward
1 - 35% - 40% - 18:40
2 - 28% - 30% - 15:16
3 - 21% - 20% - 11:16
4 - 16% - 10% - 8:23
Normal Defense
1 - 37% - 40% - 19:59
2 - 31% - 30% - 16:31
3 - 26% - 20% - 13:42
4 - 6% - 10% - 3:23
PP Forward
1 - 61% - 60% - 1:16
2 - 39% - 40% - 0:48
PP Defense
1 - 56% - 60% - 1:09
2 - 44% - 40% - 0:55
PK Forward
1 - 90% - 60% - 3:10
2 - 10% - 40% - 0:21
PK Defense
1 - 59% - 60% - 2:05
2 - 41% - 40% - 1:26
PK3 Forward
1 - 0% - 60%
2 - 0% - 40%
PK3 Defense
1 - 0% - 60%
2 - 0% - 40%
44 Forward
1 - 0% - 60%
2 - 0% - 40%
44 Defense
1 - 0% - 60%
2 - 0% - 40%
Last Minute Offensive - 0:50
Last Minute Defensive - 0:00
Total
Forward - 60:00
Defense - 60:00
|
Play-by-Play
1st period
0:01 of 1st period - Daniel O'regan wins face-off versus Christoph Bertschy in neutral zone.
0:46 of 1st period - Off-side.
0:47 of 1st period - Brendan Perlini wins face-off versus Jason Dickinson in neutral zone.
0:50 of 1st period - Wrist shot by Brendan Perlini.
0:50 of 1st period - Shot Misses the Net.
1:02 of 1st period - Snap shot by Matt Luff.
1:02 of 1st period - Stopped by Garret Sparks without a rebound.
1:03 of 1st period - Michael McCarron wins face-off versus Roman Horak in Senators zone.
1:28 of 1st period - Dmitry Sinitsyn is hit by Ville Pokka and loses puck.
1:37 of 1st period - Snap shot by Daniel O'regan.
1:37 of 1st period - Stopped by Garret Sparks with a rebound.
1:51 of 1st period - Wrist shot by Oliver Bjorkstrand.
1:51 of 1st period - Stopped by Michael Houser with a rebound.
1:53 of 1st period - Snap shot by Zemgus Girgensons.
1:53 of 1st period - Shot Misses the Net.
1:55 of 1st period - Wrist shot by Oliver Bjorkstrand.
1:55 of 1st period - Shot Misses the Net.
1:57 of 1st period - Snap shot by Dmitry Sinitsyn.
1:57 of 1st period - Stopped by Michael Houser with a rebound.
1:59 of 1st period - Slapshot by Gustav Forsling.
1:59 of 1st period - Stopped by Michael Houser with a rebound.
2:01 of 1st period - Slapshot by Dmitry Sinitsyn.
2:01 of 1st period - Shot Blocked by Henrik Borgstrom.
2:31 of 1st period - Snap shot by Matt Luff.
2:31 of 1st period - Shot Misses the Net.
2:39 of 1st period - Wrist shot by Emile Poirier.
2:39 of 1st period - Shot Misses the Net.
2:41 of 1st period - Slapshot by Tucker Poolman.
2:41 of 1st period - Stopped by Garret Sparks with a rebound.
2:53 of 1st period - Michael McCarron is hit by Eric Knodel and loses puck.
3:19 of 1st period - Wrist shot by Zachary Sanford.
3:19 of 1st period - Goal by Zachary Sanford - Senators : 1 - Little Stars : 0.
3:20 of 1st period - Daniel O'regan wins face-off versus Christoph Bertschy in neutral zone.
3:59 of 1st period - Off-side.
4:00 of 1st period - Grant Besse wins face-off versus Jason Dickinson in neutral zone.
4:27 of 1st period - Jordan LaVallee is hit by Mason Geertsen and loses puck.
4:34 of 1st period - Jonas Siegenthaler is hit by Eric Knodel and loses puck.
4:53 of 1st period - Snap shot by Oliver Bjorkstrand.
4:53 of 1st period - Stopped by Michael Houser with a rebound.
4:55 of 1st period - Backhand shot by Jonas Siegenthaler.
4:55 of 1st period - Deflect By Wiley Sherman.
4:55 of 1st period - Stopped by Michael Houser with a rebound.
5:29 of 1st period - Joakim Nygard is hit by Jordan Schmaltz and loses puck.
5:58 of 1st period - Wrist shot by Zachary Sanford.
5:58 of 1st period - Shot Misses the Net.
6:14 of 1st period - Reece Willcox is hit by Gustav Forsling and loses puck.
6:39 of 1st period - Snap shot by Alex Belzile.
6:39 of 1st period - Shot Blocked by Keegan Lowe.
8:27 of 1st period - Wiley Sherman is hit by Brendan Perlini and loses puck.
8:44 of 1st period - Keegan Lowe is hit by Matt Luff and loses puck.
8:53 of 1st period - Backhand shot by Tyler Pitlick.
8:53 of 1st period - Deflect By Zachary Sanford.
8:53 of 1st period - Shot Misses the Net.
8:53 of 1st period - Puck is out of play.
8:54 of 1st period - Daniel O'regan wins face-off versus Zemgus Girgensons in Little Stars zone.
8:59 of 1st period - Dmitry Sinitsyn is hit by Daniel O'regan and loses puck.
9:38 of 1st period - Snap shot by Jordan LaVallee.
9:38 of 1st period - Shot Misses the Net.
9:40 of 1st period - Snap shot by Tucker Poolman.
9:40 of 1st period - Shot Blocked by Jordan Schmaltz.
9:42 of 1st period - Wrist shot by Jordan LaVallee.
9:42 of 1st period - Stopped by Garret Sparks without a rebound.
9:43 of 1st period - Henrik Borgstrom wins face-off versus Jacob De La Rose in Senators zone.
10:08 of 1st period - Zemgus Girgensons is hit by Justin Auger and loses puck.
10:15 of 1st period - Slapshot by Roman Horak.
10:15 of 1st period - Shot Misses the Net.
10:21 of 1st period - Snap shot by Roman Horak.
10:21 of 1st period - Shot Blocked by Mason Geertsen.
10:33 of 1st period - Ville Pokka is hit by Zemgus Girgensons and loses puck.
11:06 of 1st period - Wrist shot by Christoph Bertschy.
11:06 of 1st period - Goal by Christoph Bertschy - Senators : 2 - Little Stars : 0.
11:07 of 1st period - Christoph Bertschy wins face-off versus Daniel O'regan in neutral zone.
11:12 of 1st period - Snap shot by Daniel O'regan.
11:12 of 1st period - Stopped by Garret Sparks with a rebound.
11:14 of 1st period - Slapshot by Ilya Mikheyev.
11:14 of 1st period - Shot Blocked by Dmitry Sinitsyn.
11:16 of 1st period - Snap shot by Ilya Mikheyev.
11:16 of 1st period - Stopped by Garret Sparks without a rebound.
11:17 of 1st period - Daniel O'regan wins face-off versus Christoph Bertschy in Senators zone.
11:28 of 1st period - Snap shot by Daniel O'regan.
11:28 of 1st period - Stopped by Garret Sparks with a rebound.
11:32 of 1st period - Backhand shot by Ilya Mikheyev.
11:32 of 1st period - Stopped by Garret Sparks with a rebound.
11:34 of 1st period - Slapshot by Wiley Sherman.
11:34 of 1st period - Shot Misses the Net.
11:36 of 1st period - Snap shot by Eric Knodel.
11:36 of 1st period - Shot Misses the Net.
11:38 of 1st period - Snap shot by Ilya Mikheyev.
11:38 of 1st period - Shot Misses the Net.
12:00 of 1st period - Snap shot by Ilya Mikheyev.
12:00 of 1st period - Shot Misses the Net.
12:04 of 1st period - Snap shot by Daniel O'regan.
12:04 of 1st period - Stopped by Garret Sparks without a rebound.
12:05 of 1st period - Kevin Rooney wins face-off versus Henrik Borgstrom in Senators zone.
12:38 of 1st period - Snap shot by Alex Belzile.
12:38 of 1st period - Shot Misses the Net.
12:40 of 1st period - Wrist shot by Adam Tambellini.
12:40 of 1st period - Deflect By Henrik Borgstrom.
12:40 of 1st period - Stopped by Garret Sparks without a rebound.
12:41 of 1st period - Jason Dickinson wins face-off versus Jacob De La Rose in Senators zone.
12:54 of 1st period - Snap shot by Zemgus Girgensons.
12:54 of 1st period - Shot Blocked by Wiley Sherman.
12:56 of 1st period - Snap shot by Jacob De La Rose.
12:56 of 1st period - Stopped by Michael Houser with a rebound.
12:58 of 1st period - Slapshot by Dmitry Sinitsyn.
12:58 of 1st period - Stopped by Michael Houser with a rebound.
13:43 of 1st period - Off-side.
13:44 of 1st period - Jacob De La Rose wins face-off versus Henrik Borgstrom in neutral zone.
13:49 of 1st period - Snap shot by Oliver Bjorkstrand.
13:49 of 1st period - Stopped by Michael Houser without a rebound.
13:50 of 1st period - Jacob De La Rose wins face-off versus Henrik Borgstrom in Little Stars zone.
13:57 of 1st period - Slapshot by Jacob De La Rose.
13:57 of 1st period - Stopped by Michael Houser without a rebound.
13:58 of 1st period - Christoph Bertschy wins face-off versus Daniel O'regan in Little Stars zone.
14:01 of 1st period - Slapshot by Tyler Pitlick.
14:01 of 1st period - Stopped by Michael Houser with a rebound.
14:31 of 1st period - Slapshot by Joakim Nygard.
14:31 of 1st period - Shot Blocked by Jordan Schmaltz.
14:34 of 1st period - Icing by Jordan Schmaltz.
14:35 of 1st period - Christoph Bertschy wins face-off versus Henrik Borgstrom in Senators zone.
14:54 of 1st period - Snap shot by Tyler Pitlick.
14:54 of 1st period - Stopped by Michael Houser with a rebound.
15:03 of 1st period - Icing by Tucker Poolman.
15:04 of 1st period - Oliver Bjorkstrand wins face-off versus Henrik Borgstrom in Little Stars zone.
15:05 of 1st period - Wrist shot by Zemgus Girgensons.
15:05 of 1st period - Stopped by Michael Houser without a rebound.
15:06 of 1st period - Jacob De La Rose wins face-off versus Daniel O'regan in Little Stars zone.
15:19 of 1st period - Wrist shot by Oliver Bjorkstrand.
15:19 of 1st period - Stopped by Michael Houser without a rebound.
15:20 of 1st period - Brendan Perlini wins face-off versus Daniel O'regan in Little Stars zone.
15:47 of 1st period - Christoph Bertschy is hit by Eric Knodel.
16:06 of 1st period - Wrist shot by Zemgus Girgensons.
16:06 of 1st period - Shot Blocked by Alex Belzile.
16:26 of 1st period - Snap shot by Emile Poirier.
16:26 of 1st period - Stopped by Garret Sparks with a rebound.
16:28 of 1st period - Slapshot by Eric Knodel.
16:28 of 1st period - Shot Blocked by Nikita Nesterov.
16:54 of 1st period - Off-side.
16:55 of 1st period - Henrik Borgstrom wins face-off versus Christoph Bertschy in neutral zone.
17:46 of 1st period - Jason Dickinson is hit by Michael McCarron and loses puck.
17:51 of 1st period - Snap shot by C.J Suess.
17:51 of 1st period - Shot Blocked by Matt Luff.
17:53 of 1st period - Slapshot by Nikita Nesterov.
17:53 of 1st period - Shot Misses the Net.
18:35 of 1st period - Icing by Eric Knodel.
18:36 of 1st period - Zachary Sanford wins face-off versus Henrik Borgstrom in Little Stars zone.
18:47 of 1st period - Snap shot by Henrik Borgstrom.
18:47 of 1st period - Goal by Henrik Borgstrom - Senators : 2 - Little Stars : 1.
18:48 of 1st period - Christoph Bertschy wins face-off versus Daniel O'regan in neutral zone.
18:51 of 1st period - Jordan LaVallee is hit by Zachary Sanford and loses puck.
19:03 of 1st period - Slapshot by Ilya Mikheyev.
19:03 of 1st period - Shot Blocked by Jordan Schmaltz.
19:15 of 1st period - Eric Knodel is hit by Zemgus Girgensons and loses puck.
19:28 of 1st period - Snap shot by Zemgus Girgensons.
19:28 of 1st period - Stopped by Michael Houser with a rebound.
19:40 of 1st period - Wiley Sherman is hit by Brendan Perlini and loses puck.
19:45 of 1st period - Snap shot by Brendan Perlini.
19:45 of 1st period - Stopped by Michael Houser without a rebound.
19:46 of 1st period - Daniel O'regan wins face-off versus Christoph Bertschy in Little Stars zone.
19:58 of 1st period - Snap shot by Daniel O'regan.
19:58 of 1st period - Stopped by Garret Sparks with a rebound.
Goals for this period are 2 for Senators vs 1 for Little Stars.
Shots for this period are 17 for Senators vs 13 for Little Stars.
2nd period
0:01 of 2nd period - Jordan LaVallee wins face-off versus Jacob De La Rose in neutral zone.
0:06 of 2nd period - Slapshot by Wiley Sherman.
0:06 of 2nd period - Stopped by Garret Sparks with a rebound.
0:47 of 2nd period - Wrist shot by Brendan Perlini.
0:47 of 2nd period - Shot Blocked by Henrik Borgstrom.
0:51 of 2nd period - Slapshot by Grant Besse.
0:51 of 2nd period - Stopped by Michael Houser with a rebound.
0:53 of 2nd period - Snap shot by Kevin Rooney.
0:53 of 2nd period - Deflect By Brendan Perlini.
0:53 of 2nd period - Stopped by Michael Houser with a rebound.
1:44 of 2nd period - Minor Penalty to C.J Suess for Interference.
1:45 of 2nd period - Daniel O'regan wins face-off versus Christoph Bertschy in Senators zone.
1:49 of 2nd period - Snap shot by Ilya Mikheyev.
1:49 of 2nd period - Goal by Ilya Mikheyev - Senators : 2 - Little Stars : 2.
1:50 of 2nd period - Christoph Bertschy wins face-off versus Daniel O'regan in neutral zone.
2:16 of 2nd period - Jacob De La Rose is hit by Alex Belzile and loses puck.
2:33 of 2nd period - Minor Penalty to Henrik Borgstrom for Boarding.
2:34 of 2nd period - Zachary Sanford wins face-off versus Jordan LaVallee in Little Stars zone.
3:09 of 2nd period - Slapshot by Jordan Schmaltz.
3:09 of 2nd period - Shot Misses the Net.
3:11 of 2nd period - Slapshot by Keegan Lowe.
3:11 of 2nd period - Stopped by Michael Houser with a rebound.
3:57 of 2nd period - Reece Willcox is hit by Dmitry Sinitsyn and loses puck.
4:33 of 2nd period - Penalty to Henrik Borgstrom is over, Henrik Borgstrom is back on ice.
4:37 of 2nd period - Eric Knodel is hit by Keegan Lowe and loses puck.
4:44 of 2nd period - Wrist shot by Kevin Rooney.
4:44 of 2nd period - Deflect By Ilya Mikheyev.
4:44 of 2nd period - Shot Misses the Net.
4:44 of 2nd period - Puck is out of play.
4:45 of 2nd period - Jason Dickinson wins face-off versus Kevin Rooney in Little Stars zone.
4:45 of 2nd period - Jason Dickinson is hit by Jonas Siegenthaler.
6:01 of 2nd period - Icing by Grant Besse.
6:02 of 2nd period - Jason Dickinson wins face-off versus Jacob De La Rose in Senators zone.
6:15 of 2nd period - Backhand shot by Oliver Bjorkstrand.
6:15 of 2nd period - Stopped by Michael Houser with a rebound.
6:45 of 2nd period - Zachary Sanford is hit by Ilya Mikheyev.
8:06 of 2nd period - Wrist shot by Zachary Sanford.
8:06 of 2nd period - Stopped by Michael Houser without a rebound.
8:07 of 2nd period - Daniel O'regan wins face-off versus Tyler Pitlick in Little Stars zone.
8:07 of 2nd period - Daniel O'regan is hit by Zachary Sanford.
8:21 of 2nd period - Wrist shot by Zachary Sanford.
8:21 of 2nd period - Deflect By Tyler Pitlick.
8:21 of 2nd period - Shot Misses the Net.
8:21 of 2nd period - Puck is out of play.
8:22 of 2nd period - Henrik Borgstrom wins face-off versus Jacob De La Rose in Little Stars zone.
8:37 of 2nd period - Snap shot by Adam Tambellini.
8:37 of 2nd period - Shot Misses the Net.
9:01 of 2nd period - Icing by Wiley Sherman.
9:02 of 2nd period - Daniel O'regan wins face-off versus Jacob De La Rose in Little Stars zone.
9:47 of 2nd period - Wrist shot by Roman Horak.
9:47 of 2nd period - Shot Blocked by Christoph Bertschy.
9:49 of 2nd period - Slapshot by Emile Poirier.
9:49 of 2nd period - Stopped by Garret Sparks without a rebound.
9:50 of 2nd period - Jacob De La Rose wins face-off versus Roman Horak in Senators zone.
10:01 of 2nd period - Slapshot by Jacob De La Rose.
10:01 of 2nd period - Deflect By Oliver Bjorkstrand.
10:01 of 2nd period - Stopped by Michael Houser with a rebound.
10:19 of 2nd period - Off-side.
10:20 of 2nd period - Kevin Rooney wins face-off versus Henrik Borgstrom in neutral zone.
10:45 of 2nd period - Nikita Nesterov is hit by Daniel O'regan and loses puck.
10:52 of 2nd period - Wrist shot by Daniel O'regan.
10:52 of 2nd period - Shot Misses the Net.
11:14 of 2nd period - Wrist shot by Zemgus Girgensons.
11:14 of 2nd period - Stopped by Michael Houser with a rebound.
12:10 of 2nd period - Off-side.
12:11 of 2nd period - Christoph Bertschy wins face-off versus Daniel O'regan in neutral zone.
12:40 of 2nd period - Snap shot by Jordan LaVallee.
12:40 of 2nd period - Stopped by Garret Sparks with a rebound.
12:42 of 2nd period - Snap shot by Wiley Sherman.
12:42 of 2nd period - Shot Blocked by Dmitry Sinitsyn.
12:44 of 2nd period - Wrist shot by Jordan LaVallee.
12:44 of 2nd period - Deflect By Tyler Pitlick.
12:44 of 2nd period - Shot Misses the Net.
12:44 of 2nd period - Puck is out of play.
12:45 of 2nd period - Jacob De La Rose wins face-off versus Henrik Borgstrom in Senators zone.
12:45 of 2nd period - Jacob De La Rose is hit by Alex Belzile.
13:01 of 2nd period - Jacob De La Rose is hit by Alex Belzile and loses puck.
13:38 of 2nd period - Ville Pokka is hit by Jacob De La Rose and loses puck.
13:43 of 2nd period - Wrist shot by Zemgus Girgensons.
13:43 of 2nd period - Stopped by Michael Houser without a rebound.
13:44 of 2nd period - Christoph Bertschy wins face-off versus Daniel O'regan in Little Stars zone.
13:57 of 2nd period - Slapshot by Zachary Sanford.
13:57 of 2nd period - Stopped by Michael Houser without a rebound.
13:58 of 2nd period - Daniel O'regan wins face-off versus Christoph Bertschy in Little Stars zone.
14:09 of 2nd period - Slapshot by Jordan LaVallee.
14:09 of 2nd period - Shot Misses the Net.
14:15 of 2nd period - Snap shot by Daniel O'regan.
14:15 of 2nd period - Shot Misses the Net.
14:46 of 2nd period - Icing by Reece Willcox.
14:47 of 2nd period - Jacob De La Rose wins face-off versus Henrik Borgstrom in Little Stars zone.
15:12 of 2nd period - Ilya Mikheyev is hit by Kevin Rooney and loses puck.
15:55 of 2nd period - Justin Auger is hit by Zachary Sanford.
16:25 of 2nd period - Keegan Lowe is hit by Jordan LaVallee and loses puck.
16:34 of 2nd period - Snap shot by Ilya Mikheyev.
16:34 of 2nd period - Shot Blocked by Keegan Lowe.
16:36 of 2nd period - Slapshot by Jordan LaVallee.
16:36 of 2nd period - Stopped by Garret Sparks without a rebound.
16:37 of 2nd period - Jason Dickinson wins face-off versus Christoph Bertschy in Senators zone.
16:38 of 2nd period - Snap shot by Joakim Nygard.
16:38 of 2nd period - Deflect By Jason Dickinson.
16:38 of 2nd period - Goal by Jason Dickinson - Senators : 2 - Little Stars : 3.
16:39 of 2nd period - Daniel O'regan wins face-off versus Christoph Bertschy in neutral zone.
16:41 of 2nd period - Off-side.
16:42 of 2nd period - Daniel O'regan wins face-off versus Christoph Bertschy in neutral zone.
17:38 of 2nd period - Wrist shot by Brendan Perlini.
17:38 of 2nd period - Goal by Brendan Perlini - Senators : 3 - Little Stars : 3.
17:39 of 2nd period - Daniel O'regan wins face-off versus Christoph Bertschy in neutral zone.
18:08 of 2nd period - Icing by Matt Luff.
18:09 of 2nd period - Jason Dickinson wins face-off versus Jacob De La Rose in Little Stars zone.
18:25 of 2nd period - Snap shot by Jacob De La Rose.
18:25 of 2nd period - Stopped by Michael Houser without a rebound.
18:26 of 2nd period - Daniel O'regan wins face-off versus Christoph Bertschy in Little Stars zone.
18:57 of 2nd period - Zemgus Girgensons is hit by Alex Belzile and loses puck.
19:23 of 2nd period - Minor Penalty to Joakim Nygard for Hooking.
19:24 of 2nd period - Christoph Bertschy wins face-off versus Jordan LaVallee in Little Stars zone.
19:26 of 2nd period - Snap shot by Tyler Pitlick.
19:26 of 2nd period - Shot Misses the Net.
19:28 of 2nd period - Wrist shot by Tyler Pitlick.
19:28 of 2nd period - Deflect By Zachary Sanford.
19:28 of 2nd period - Shot Blocked by Tucker Poolman.
19:28 of 2nd period - Puck is out of play.
19:29 of 2nd period - Christoph Bertschy wins face-off versus Jordan LaVallee in Little Stars zone.
19:57 of 2nd period - Oliver Bjorkstrand is hit by Tucker Poolman and loses puck.
Goals for this period are 1 for Senators vs 2 for Little Stars.
Shots for this period are 11 for Senators vs 6 for Little Stars.
3rd period
0:01 of 3rd period - Christoph Bertschy wins face-off versus Jordan LaVallee in neutral zone.
0:30 of 3rd period - Slapshot by Dmitry Sinitsyn.
0:30 of 3rd period - Goal by Dmitry Sinitsyn - Senators : 4 - Little Stars : 3.
0:31 of 3rd period - Daniel O'regan wins face-off versus Zachary Sanford in neutral zone.
0:34 of 3rd period - Dmitry Sinitsyn is hit by Eric Knodel and loses puck.
0:47 of 3rd period - Backhand shot by Jordan LaVallee.
0:47 of 3rd period - Goal by Jordan LaVallee - Senators : 4 - Little Stars : 4.
0:48 of 3rd period - Ilya Mikheyev wins face-off versus Christoph Bertschy in neutral zone.
0:59 of 3rd period - Jordan LaVallee is hit by Zachary Sanford and loses puck.
1:29 of 3rd period - Off-side.
1:30 of 3rd period - Jordan LaVallee wins face-off versus Jacob De La Rose in neutral zone.
1:45 of 3rd period - Wrist shot by Ilya Mikheyev.
1:45 of 3rd period - Shot Misses the Net.
1:47 of 3rd period - Snap shot by Ilya Mikheyev.
1:47 of 3rd period - Shot Misses the Net.
1:57 of 3rd period - Keegan Lowe is hit by Reece Willcox and loses puck.
2:50 of 3rd period - Daniel O'regan is hit by Keegan Lowe and loses puck.
4:24 of 3rd period - Snap shot by Ilya Mikheyev.
4:24 of 3rd period - Shot Misses the Net.
6:13 of 3rd period - Backhand shot by Brendan Perlini.
6:13 of 3rd period - Shot Blocked by Daniel O'regan.
6:15 of 3rd period - Snap shot by Brendan Perlini.
6:15 of 3rd period - Shot Misses the Net.
6:17 of 3rd period - Wrist shot by Grant Besse.
6:17 of 3rd period - Shot Blocked by Eric Knodel.
6:19 of 3rd period - Snap shot by Brendan Perlini.
6:19 of 3rd period - Goal by Brendan Perlini - Senators : 5 - Little Stars : 4.
6:20 of 3rd period - Daniel O'regan wins face-off versus Christoph Bertschy in neutral zone.
6:46 of 3rd period - Henrik Borgstrom is hit by Oliver Bjorkstrand and loses puck.
7:46 of 3rd period - Snap shot by Emile Poirier.
7:46 of 3rd period - Stopped by Garret Sparks with a rebound.
9:10 of 3rd period - Snap shot by Brendan Perlini.
9:10 of 3rd period - Stopped by Michael Houser with a rebound.
9:12 of 3rd period - Slapshot by Grant Besse.
9:12 of 3rd period - Stopped by Michael Houser without a rebound.
9:13 of 3rd period - Daniel O'regan wins face-off versus Christoph Bertschy in Little Stars zone.
10:11 of 3rd period - Slapshot by C.J Suess.
10:11 of 3rd period - Shot Blocked by Reece Willcox.
10:21 of 3rd period - Slapshot by Tucker Poolman.
10:21 of 3rd period - Shot Misses the Net.
10:38 of 3rd period - Wrist shot by Daniel O'regan.
10:38 of 3rd period - Shot Misses the Net.
10:48 of 3rd period - Jordan LaVallee is hit by Michael McCarron and loses puck.
10:59 of 3rd period - Reece Willcox is hit by Oliver Bjorkstrand and loses puck.
11:10 of 3rd period - Alex Belzile is hit by Tyler Pitlick and loses puck.
11:29 of 3rd period - Dmitry Sinitsyn is hit by Matt Luff and loses puck.
12:13 of 3rd period - Keegan Lowe is hit by Alex Belzile and loses puck.
13:00 of 3rd period - Slapshot by Justin Auger.
13:00 of 3rd period - Stopped by Garret Sparks with a rebound.
13:02 of 3rd period - Slapshot by Ville Pokka.
13:02 of 3rd period - Stopped by Garret Sparks with a rebound.
13:04 of 3rd period - Snap shot by Ville Pokka.
13:04 of 3rd period - Deflect By Emile Poirier.
13:04 of 3rd period - Stopped by Garret Sparks with a rebound.
13:29 of 3rd period - Adam Tambellini is hit by Gustav Forsling and loses puck.
14:00 of 3rd period - Oliver Bjorkstrand is hit by Roman Horak and loses puck.
14:20 of 3rd period - Jonas Siegenthaler is hit by Daniel O'regan and loses puck.
14:37 of 3rd period - Tyler Pitlick is hit by Adam Tambellini and loses puck.
15:29 of 3rd period - Minor Penalty to Nikita Nesterov for Holding.
15:30 of 3rd period - Christoph Bertschy wins face-off versus Daniel O'regan in Senators zone.
15:42 of 3rd period - Off-side.
15:43 of 3rd period - Christoph Bertschy wins face-off versus Daniel O'regan in neutral zone.
16:17 of 3rd period - Slapshot by Wiley Sherman.
16:17 of 3rd period - Shot Blocked by Jordan Schmaltz.
17:29 of 3rd period - Penalty to Nikita Nesterov is over, Nikita Nesterov is back on ice.
18:30 of 3rd period - Reece Willcox is hit by Tyler Pitlick and loses puck.
19:13 of 3rd period - Wrist shot by Zachary Sanford.
19:13 of 3rd period - Shot Misses the Net.
19:15 of 3rd period - Backhand shot by Zachary Sanford.
19:15 of 3rd period - Deflect By Tyler Pitlick.
19:15 of 3rd period - Shot Blocked by Jordan LaVallee.
19:15 of 3rd period - Puck is out of play.
19:16 of 3rd period - Mike Yeo call a timeout for Little Stars.
19:16 of 3rd period - Jacob De La Rose wins face-off versus Daniel O'regan in Little Stars zone.
19:34 of 3rd period - Minor Penalty to Ilya Mikheyev for Hooking.
19:35 of 3rd period - Christoph Bertschy wins face-off versus Jordan LaVallee in Little Stars zone.
19:35 of 3rd period - Snap shot by Zachary Sanford.
19:35 of 3rd period - Stopped by Michael Houser with a rebound.
19:37 of 3rd period - Snap shot by Tyler Pitlick.
19:37 of 3rd period - Shot Misses the Net.
19:39 of 3rd period - Wrist shot by Christoph Bertschy.
19:39 of 3rd period - Shot Misses the Net.
Goals for this period are 2 for Senators vs 1 for Little Stars.
Shots for this period are 5 for Senators vs 5 for Little Stars.